 Dungeon Crawl Stone Soup version 0.20-a0-957-g47ad1fd (webtiles) character file.

4098 winWinterter the Fighter (level 10, -6/82 HPs)
             Began as a Formicid Hunter on Apr 5, 2017.
             Was a Believer of Okawaru.
             Mangled by an orc warrior
             ... wielding a +0 mace
              (10 damage)
             ... on level 8 of the Dungeon on Apr 6, 2017.
             The game lasted 00:36:56 (10273 turns).

winWinterter the Fighter (Formicid Hunter)         Turns: 10273, Time: 00:36:57

Health: -6/82      AC:  8    Str: 18    XL:     10   Next: 50%
Magic:  11/11      EV: 12    Int: 11    God:    Okawaru [**....]
Gold:   388        SH:  0    Dex: 15    Spells: 9/9 levels left

rFire    . . .     SeeInvis +   y - +2 war axe (pain)
rCold    . . .     Gourm    .   (no shield)
rNeg     . . .     Faith    .   q - +0 ring mail
rPois    .         Spirit   .   (helmet unavailable)
rElec    .         Reflect  .   (no cloak)
rCorr    .         Harm     .   p - +1 pair of gloves
MR       +....                  (no boots)
Stlth    +.........             A - amulet of regeneration
Regen    0.7/turn               x - ring of flight
MPRegen  0.2/turn               (no ring)

@: no status effects
A: permanent stasis, dig shafts and tunnels, four strong arms, antennae 3, beak,
agile 1
a: Dig, Shaft Self, Heroism, Renounce Religion, Evoke Flight


You were on level 8 of the Dungeon.
You worshipped Okawaru.
Okawaru was pleased with you.
You were not hungry.

You visited 2 branches of the dungeon, and saw 9 of its levels.
You also visited: Sewer.

You collected 388 gold pieces.

Inventory:

Hand Weapons
 o - a +1 mace of venom
 u - a +1 halberd of flaming
 y - a +2 war axe of pain (weapon)
Missiles
 c - 13 javelins
 d - a throwing net
 h - 274 stones (quivered)
Armour
 b - a +0 leather armour
 p - a +1 pair of gloves (worn)
 q - a +0 ring mail (worn)
Jewellery
 x - a ring of flight (left hand)
 A - an amulet of regeneration (around neck)
Wands
 l - a wand of confusion (11/48)
 m - a wand of paralysis (17/24)
Scrolls
 a - a scroll of fog
 i - a scroll of remove curse
 j - 3 scrolls of amnesia
 r - 4 scrolls of identify
 t - a scroll of magic mapping
 w - 2 scrolls of recharging
Potions
 e - a potion of berserk rage
 n - 5 potions of magic
 s - 3 potions of might
 v - 3 potions of resistance
Books
 z - a book of Callings

   Spells                             Type                      Level
   a - Summon Small Mammal            Summoning                    1
   b - Call Imp                       Summoning                    2
   c - Call Canine Familiar           Summoning                    3
   d - Summon Guardian Golem          Hexes/Summoning              3
   e - Summon Lightning Spire         Summoning/Air                4
   f - Summon Ice Beast               Ice/Summoning                4
Comestibles
 f - a bread ration
 k - 6 meat rations
 B - 2 chunks of flesh


   Skills:
 + Level 8.7 Fighting
 + Level 8.2(8.8) Axes
 - Level 4.7(7.0) Maces & Flails
 * Level 6.9 Throwing
 + Level 6.1 Armour
 + Level 3.4 Dodging
 - Level 1.2 Stealth
   Level 4.8 Shields
 * Level 1.4 Invocations


You had 9 spell levels left.
You didn't know any spells.

Dungeon Overview and Level Annotations

Branches:
Dungeon (8/15)             Temple (1/1) D:4
   Lair: D:8-11

Altars:
Ashenzari
Cheibriados
Dithmenos
Elyvilon
Fedhas
Gozag
Hepliaklqana
Kikubaaqudgha
Makhleb
Nemelex Xobeh
Okawaru
Qazlal
Ru
Sif Muna
Trog
Uskayaw
Vehumet
Wu Jian
Xom
Zin
The Shining One


Innate Abilities, Weirdness & Mutations

You cannot be hasted, slowed, berserked, paralysed or teleported.
You can dig through walls and to a lower floor.
Your four strong arms can wield two-handed weapons with a shield.
You have a pair of large antennae on your head. (SInv)
You have a beak for a mouth.
You are agile. (Dex +2)


Message History

The orc warrior hits you with a mace!!
* * * LOW HITPOINT WARNING * * *
You feel better. The orc warrior hits you with a mace!
* * * LOW HITPOINT WARNING * * *
Okay, then.
Okay, then.
Okay, then.
Press: ? - help, v - describe, . - travel
Here: an orc warrior, wielding a mace and wearing a chain mail (almost dead)
The floor.
Unknown command.
Okay, then.
Okay, then.
You barely miss the orc warrior.
The orc warrior is almost dead.
The orc warrior barely misses you.
You closely miss the orc warrior.
The orc warrior is almost dead.
The orc warrior hits you with a mace!
You die...

..?.......##........######
..........##........######
....................#....#
.................<..'.....
..........##........#....#
..........##...##.#.#....#
..{......>................
.#####.####)..####.######
........)@.#...# #.......
o.......o..#...# #.......
...........#...####.......
##....#...................
#....######...###########
#.... #...# ##### #...#
#####


You could see an orc warrior.

Vanquished Creatures
  A two-headed ogre (D:8)
  The ghost of dxctxrx the Martial Artist, a novice DsMo (D:7)
  A centaur zombie (D:7)
  Prince Ribbit (D:6)
  A hungry ghost (D:7)
  An ice beast (D:7)
  An orc warrior (D:7)
  A sky beast (D:8)
  A phantom (D:5)
  An ogre (D:5)
  3 centaurs
  3 bullfrogs
  A gnoll sergeant (D:5)
  2 electric eels (D:6)
  2 crimson imps
  A quasit (D:6)
  3 orc priests
  4 hounds
  3 orc wizards (D:7)
  A bullfrog skeleton (D:6)
  6 gnoll shamans (D:5)
  2 iguanas
  A worker ant (D:4)
  A hound zombie (D:7)
  2 hound skeletons
  31 gnolls (D:5)
  8 adders
  A howler monkey skeleton (D:8)
  An ooze (D:1)
  An adder zombie (D:8)
  3 worms
  3 dart slugs (D:2)
  6 leopard geckos
  12 orcs
  5 giant cockroaches
  7 goblins
  6 hobgoblins
  29 jackals
  14 kobolds
  3 quokkas
  8 ball pythons
  6 bats
  4 frilled lizards
  A leopard gecko skeleton (D:4)
  3 rats
  4 plants
201 creatures vanquished.

Vanquished Creatures (others)
  A bat (D:3)
1 creature vanquished.

Grand Total: 202 creatures vanquished

Notes
Turn   | Place    | Note
-------+----------+-------------------------------------------
     0 | D:1      | winWinterter the Formicid Hunter began the quest for the Orb.
     0 | D:1      | Reached XP level 1. HP: 16/16 MP: 1/1
   184 | D:1      | Reached XP level 2. HP: 13/23 MP: 2/2
   424 | D:1      | Found a shimmering altar of Xom.
   426 | D:1      | Found a shadowy altar of Dithmenos.
   426 | D:1      | Found a blossoming altar of Fedhas.
   428 | D:1      | Found a shimmering altar of Xom.
   428 | D:1      | Found a snail-covered altar of Cheibriados.
   428 | D:1      | Found a white marble altar of Elyvilon.
   656 | D:1      | Reached XP level 3. HP: 13/28 MP: 3/3
  1370 | D:2      | Reached XP level 4. HP: 26/43 MP: 4/4
  1679 | D:2      | Reached XP level 5. HP: 48/48 MP: 5/5
  2671 | D:3      | Found a white marble altar of Elyvilon.
  3023 | D:3      | Found a bloodstained altar of Trog.
  3244 | D:4      | Found a staircase to the Ecumenical Temple.
  3265 | Temple   | Entered the Ecumenical Temple
  3551 | D:4      | Reached XP level 6. HP: 55/55 MP: 6/6
  4110 | D:5      | Entered Level 5 of the Dungeon
  4260 | D:5      | Gained mutation: You are agile. (Dex +2) [potion of mutation]
  4260 | D:5      | Gained mutation: You have a beak for a mouth. [potion of mutation]
  4290 | D:5      | Found a glowing drain.
  4294 | Sewer    | Entered a sewer
  4519 | Sewer    | Reached XP level 7. HP: 61/61 MP: 7/7
  5419 | D:5      | Reached skill level 1 in Axes
  5629 | D:5      | Reached XP level 8. HP: 57/68 MP: 8/8
  7022 | D:5      | Reached skill level 5 in Armour
  7197 | D:6      | Noticed Prince Ribbit
  7206 | D:6      | Killed Prince Ribbit
  7211 | D:6      | Reached XP level 9. HP: 68/74 MP: 9/9
  7680 | D:6      | Reached skill level 5 in Axes
  7794 | D:6      | Found a sacrificial altar of Ru.
  7799 | D:6      | Found a hide-covered altar of Uskayaw.
  7800 | D:6      | Found a glowing silver altar of Zin.
  7801 | D:6      | Found a sparkling altar of Nemelex Xobeh.
  7801 | D:6      | Found a shadowy altar of Dithmenos.
  7801 | D:6      | Found an iron altar of Okawaru.
  7805 | D:6      | Found a stormy altar of Qazlal.
  7810 | D:6      | Found an ancient bone altar of Kikubaaqudgha.
  7811 | D:6      | Found a shattered altar of Ashenzari.
  7835 | D:6      | Became a worshipper of Warmaster Okawaru
  8511 | D:7      | Noticed dxctxrx's ghost (novice DsMo)
  8945 | D:7      | Killed dxctxrx's ghost
  8945 | D:7      | Reached * piety under Okawaru
  8945 | D:7      | Reached ** piety under Okawaru
  9100 | D:7      | Reached XP level 10. HP: 77/82 MP: 10/10
 10062 | D:8      | Noticed a two-headed ogre
 10080 | D:8      | Killed a two-headed ogre
 10080 | D:8      | Reached skill level 1 in Invocations
 10270 | D:8      | HP: 3/82 [orc warrior/mace (18)]
 10273 | D:8      | Mangled by an orc warrior

Vault maps used:
D:1:      lemuel_arrival_river_ford, columned_hall_lemuel, doesnt_xom_only_xom
D:3:      lemuel_crystal_altar, elyvilon_altar_4, first_bread
D:4:      minmay_temple_entry_grid, grunt_ministairs_15
D:5:      lemuel_castle_with_subvaults, gup_sewer_entry_bowl
D:6:      minitemple, serial_bayou_lake_a, uniq_prince_ribbit1
Temple:   dpeg_three_leaves_temple
Sewer:    sewer_co_scattered_pipes

Skill      XL: |  1  2  3  4  5  6  7  8  9 10 |
---------------+-------------------------------+-----
Dodging        | 2 3 |  3.4
Fighting       | 7 8 |  8.7
Maces & Flails | 4 |  4.7
Throwing       | 6 |  6.9
Armour         | 4 5 6 |  6.1
Shields        | 4 |  4.8
Axes           | 2 4 7 8 |  8.2
Invocations    | 1 |  1.4
Stealth        | |  1.2

Action                   |  1- 3 |  4- 6 |  7- 9 | 10-12 || total
-------------------------+-------+-------+-------+-------++-------
Melee: Short sword       |   104 |       |       |       ||   104
       Whip              |    10 |    59 |       |       ||    69
       Mace              |       |   122 |    20 |       ||   142
       Peck              |       |    15 |    76 |    20 ||   111
       War axe           |       |       |   314 |    97 ||   411
Throw: Stone             |     8 |    22 |    83 |    11 ||   124
       Javelin           |     3 |     2 |    12 |     5 ||    22
       Throwing net      |       |       |     2 |       ||     2
Invok: Heroism           |       |       |       |     2 ||     2
 Abil: Dig               |       |       |     5 |     1 ||     6
  Use: Potion            |     1 |     1 |     7 |     1 ||    10
       Scroll            |       |     9 |     8 |       ||    17
 Stab: Sleeping          |       |     1 |     1 |       ||     2
  Eat: Chunk             |     2 |     7 |     8 |     4 ||    21
       Fruit             |       |     4 |     2 |       ||     6
       Royal jelly       |       |     1 |       |       ||     1
       Bread ration      |       |       |     1 |     1 ||     2
Armor: Leather armour    |    45 |    15 |       |       ||    60
       Ring mail         |       |    25 |   113 |    29 ||   167
       Skin              |       |       |     6 |       ||     6
Dodge: Dodged            |   101 |   104 |   177 |    69 ||   451
